 Dungeon Crawl Stone Soup version 0.18-a0-822-gb52b7b4 (webtiles) character file.

4829 Darkell the Grappler (level 10, -8/100 HPs)
             Began as a Troll Monk on Dec 17, 2015.
             Was a Priest of Qazlal.
             Mangled by a seven-headed hydra (14 damage)
             ... on level 1 of the Lair of Beasts.
             The game lasted 00:17:36 (6581 turns).

Darkell the Grappler (Troll Monk)                   Turns: 6581, Time: 00:17:36

Health: -8/100     AC:  5    Str: 24    XL:     10   Next: 25%
Magic:  11/11      EV: 15    Int:  4    God:    Qazlal [***...]
Gold:   430        SH:  4    Dex: 12    Spells: 0 memorised, 9 levels left

rFire  . . .     SeeInvis .       - Unarmed
rCold  . . .     Gourm    +     a - +0 robe
rNeg   . . .     Faith    .     (no shield)
rPois  .         Spirit   .     (helmet restricted)
rElec  .         Dismiss  .     (no cloak)
rCorr  .         Reflect  .     (gloves unavailable)
SustAt .         Harm     .     (boots unavailable)
MR     .....                    s - amulet of regeneration
Stlth  +.........               m - -2 ring of intelligence (curse)
                                E - +2 ring of evasion

@: very slightly contaminated, invisible, not resistant to hostile enchantments,
very unstealthy
A: unfitting armour, claws 3, fast metabolism 3, gourmand, regeneration 2,
shaggy fur 1, tough skin 2
a: Upheaval, Elemental Force, Renounce Religion


You were on level 1 of the Lair of Beasts.
You worshipped Qazlal.
Qazlal was most pleased with you.
You were completely stuffed.

You visited 3 branches of the dungeon, and saw 10 of its levels.

You collected 430 gold pieces.

Inventory:

Armour
 a - a +0 robe (worn)
Jewellery
 i - an uncursed ring of protection from cold
 m - a cursed -2 ring of intelligence (right claw)
 s - an amulet of regeneration (around neck)
 y - an uncursed ring of flight
 z - an uncursed ring of wizardry
 E - a +2 ring of evasion (left claw)
 H - a ring "Moonarghen" {+Fly Dex+2, unknown}
   (You found it on level 6 of the Dungeon)

   [ring of flight]

   It affects your dexterity (+2).
   It lets you fly.
Wands
 l - a wand of confusion (22)
 p - a wand of slowing (16)
 N - a wand of polymorph (6)
Scrolls
 d - 7 scrolls of identify {unknown}
 g - 5 scrolls of immolation {unknown}
 j - 7 scrolls of enchant armour {unknown}
 k - a scroll of amnesia {unknown}
 o - 2 scrolls of remove curse {unknown}
 r - 4 scrolls of teleportation {unknown}
 t - a scroll of fog {unknown}
 v - 2 scrolls of magic mapping {unknown}
 I - a scroll of enchant weapon {unknown}
 J - 3 scrolls of recharging {unknown}
Potions
 c - 4 potions of heal wounds {unknown}
 e - 3 potions of curing
 h - a potion of magic {unknown}
 q - a potion of might {unknown}
 u - a potion of agility
 A - a potion of haste
 C - a potion of resistance
Books
 G - a book of the Warp

   Spells                             Type                      Level
   a - Recall                         Summoning/Translocation      3
   b - Gell's Gravitas                Hexes/Translocation          3
   c - Force Lance                    Conjuration/Translocation    4
   d - Phase Shift                    Translocation                5
   e - Warp Weapon                    Charms/Translocation         5
   f - Summon Forest                  Summoning/Translocation      5
 M - a book of Conjurations

   Spells                             Type                      Level
   a - Magic Dart                     Conjuration                  1
   b - Searing Ray                    Conjuration                  2
   c - Dazzling Spray                 Conjuration/Hexes            3
   d - Fulminant Prism                Conjuration/Hexes            4
   e - Iskenderun's Mystic Blast      Conjuration                  4
   f - Iskenderun's Battlesphere      Conjuration/Charms           5
Comestibles
 b - 4 bread rations
 f - 5 meat rations
 n - 2 beef jerkies
 w - 2 chunks of flesh
 F - 3 fruits
 L - 11 royal jellies


   Skills:
 + Level 6.9 Fighting
 + Level 7.6 Dodging
 + Level 2.4 Stealth
 + Level 9.3 Unarmed Combat
 * Level 3.5 Invocations


You had 9 spell levels left.
You didn't know any spells.

Dungeon Overview and Level Annotations

Branches:
Dungeon (8/15)             Temple (1/1) D:4            Lair (1/8) D:8

Altars:
Ashenzari
Cheibriados
Dithmenos
Elyvilon
Fedhas
Gozag
Kikubaaqudgha
Nemelex Xobeh
Okawaru
Pakellas
Qazlal
Ru
Sif Muna
Trog
Vehumet
Xom
Yredelemnul
Zin
The Shining One

Shops:
D:4 [(   D:5 :   D:6 :


Innate Abilities, Weirdness & Mutations

You are too large for most types of armour.
You have claws for hands.
Your metabolism is lightning-fast.
You like to eat raw meat.
You heal very quickly.
You are covered in fur (AC +1).
You have very tough skin (AC +2).


Message History

The six-headed hydra is lightly wounded.
Drink which item? (? for menu, Esc to quit)
You fade into invisibility!
The six-headed hydra misses you. The six-headed hydra bites you!
* * * LOW HITPOINT WARNING * * *
The six-headed hydra barely misses you. x2
The six-headed hydra completely misses you.
The six-headed hydra closely misses you.
You are very lightly contaminated with residual magic.
You tear one of the six-headed hydra's heads off!
The five-headed hydra grows two more!
You scratch the seven-headed hydra.
The seven-headed hydra is lightly wounded.
The seven-headed hydra misses you. The seven-headed hydra bites you.
* * * LOW HITPOINT WARNING * * *
The seven-headed hydra barely misses you.
The seven-headed hydra closely misses you.
The seven-headed hydra bites you!
* * * LOW HITPOINT WARNING * * *
The seven-headed hydra bites you!
You die...

###§## ##.########
#.###.#.# #..#
........# ##[##
.######.####P..# #
##
#........###.##..
##F...............
##........#####....
.##P##.†.......#
#....
.......@.......#
#....
..######D......##
#....
#.........####....
##.####...........
#..# ##.#####..#P
#..# #.P# ..## #..#
#.## #.# ##.## #.P
#.# #..# #.# #.#


You could see a seven-headed hydra and a blink frog.

Vanquished Creatures
  A spiny frog (Lair:1)
  A komodo dragon (Lair:1)
  2 blink frogs (Lair:1)
  3 yaks (Lair:1)
  Menkaure (D:6)
  3 wargs (D:8)
  A porcupine (Lair:1)
  2 phantoms
  3 water moccasins
  The ghost of flinch the Ruffian, an amateur TrFi (D:3)
  2 ice beasts
  3 ogres
  2 crocodiles (Lair:1)
  A centaur (D:8)
  A gnoll sergeant (D:6)
  Blork the orc (D:6)
  2 giant frogs
  4 killer bees (D:8)
  4 wights (D:7)
  3 crimson imps (D:8)
  A centaur zombie (D:7)
  3 hounds
  A centaur skeleton (D:4)
  4 orc priests
  4 jellies
  2 iguanas
  4 orc wizards
  A statue (D:6)
  4 worker ants
  A worker ant zombie (D:5)
  7 gnolls
  13 adders
  5 oozes (D:8)
  2 worms (D:2)
  7 giant geckos
  16 orcs
  4 giant cockroaches
  15 hobgoblins
  7 kobolds
  5 quokkas
  9 bats
  A giant gecko skeleton (D:4)
  5 giant newts
  8 goblins
  14 jackals
  A jackal skeleton (D:4)
  A quokka zombie (D:6)
  4 rats
190 creatures vanquished.

Notes
Turn   | Place    | Note
--------------------------------------------------------------
     0 | D:1      | Darkell the Troll Monk began the quest for the Orb.
     0 | D:1      | Reached XP level 1. HP: 22/22 MP: 0/0
   144 | D:1      | Reached XP level 2. HP: 29/29 MP: 1/1
   366 | D:1      | Reached XP level 3. HP: 36/36 MP: 2/2
   732 | D:2      | Found a faded altar to an unknown god.
   744 | D:2      | Found a shimmering altar of Xom.
   806 | D:2      | Reached XP level 4. HP: 40/44 MP: 3/3
  1013 | D:2      | Found a shattered altar of Ashenzari.
  1299 | D:2      | Found a snail-covered altar of Cheibriados.
  1383 | D:2      | Found a bloodstained altar of Trog.
  1799 | D:3      | Noticed flinch's ghost (amateur TrFi)
  1842 | D:3      | Killed flinch's ghost
  1842 | D:3      | Reached skill level 5 in Unarmed Combat
  1842 | D:3      | Reached XP level 5. HP: 32/53 MP: 4/4
  1965 | D:3      | Found a sacrificial altar of Ru.
  2474 | D:4      | Found a white marble altar of Elyvilon.
  2558 | D:4      | Reached XP level 6. HP: 61/61 MP: 5/5
  2792 | D:4      | Found Utijut's Armour Shoppe.
  2980 | D:4      | Found a staircase to the Ecumenical Temple.
  3052 | D:4      | Found Zomacahergh's Weapon Shoppe.
  3174 | D:5      | Entered Level 5 of the Dungeon
  3275 | D:5      | Reached XP level 7. HP: 56/70 MP: 6/6
  3301 | D:5      | Found Vaobb's Book Emporium.
  3354 | D:5      | Reached skill level 6 in Unarmed Combat
  3492 | Temple   | Entered the Ecumenical Temple
  3578 | Temple   | Became a worshipper of Qazlal Stormbringer
  3578 | Temple   | Reached * piety under Qazlal
  3578 | Temple   | Reached ** piety under Qazlal
  4059 | D:6      | Reached skill level 7 in Unarmed Combat
  4059 | D:6      | Reached XP level 8. HP: 46/79 MP: 7/7
  4187 | D:6      | Found a radiant altar of Vehumet.
  4188 | D:6      | Noticed Menkaure
  4204 | D:6      | Killed Menkaure
  4204 | D:6      | Reached skill level 5 in Fighting
  4204 | D:6      | Reached skill level 5 in Dodging
  4328 | D:6      | Got a scintillating granite ring
  4337 | D:6      | Noticed Blork the orc
  4344 | D:6      | Killed Blork the orc
  4359 | D:6      | Found Poteliu's Book Shop.
  4461 | D:6      | You fall through a shaft for 2 floors!
  5083 | D:8      | Reached XP level 9. HP: 86/89 MP: 8/8
  5151 | D:8      | Reached *** piety under Qazlal
  5174 | D:8      | Reached skill level 8 in Unarmed Combat
  5267 | D:8      | Reached skill level 1 in Invocations
  5543 | D:8      | Found a staircase to the Lair.
  5843 | D:8      | Found a deep blue altar of Sif Muna.
  5992 | Lair:1   | Entered Level 1 of the Lair of Beasts
  6041 | Lair:1   | HP: 1/91 [water moccasin (4)]
  6061 | Lair:1   | Reached skill level 9 in Unarmed Combat
  6186 | Lair:1   | Reached XP level 10. HP: 89/100 MP: 11/11
  6474 | Lair:1   | Noticed a four-headed hydra
  6581 | Lair:1   | Mangled by a seven-headed hydra

Vault maps used:
D:1:      wheals_arrival_shading, minmay_misc_feat_doors, minmay_box_of_dots
D:2:      xom_teletrap_fun, cheibriados_altar_wand_db,
          nicolae_overflow_crystal_walls, serial_forest,
          infiniplex_forest_clump_diagonal, infiniplex_forest_clump_medium,
          infiniplex_forest_diagonal, infiniplex_forest_end_1,
          infiniplex_forest_lined_3, infiniplex_forest_clump_long,
          infiniplex_forest_lined_ring, infiniplex_forest_side_room,
          infiniplex_forest_corner_1, infiniplex_forest_lined_2,
          ecumenical_altar_2, kennysheep_nondescript, trog_book
D:3:      lemuel_doored_altar, st_stairs_12
D:4:      lemuel_coloured_pillars_altar, minmay_temple_entry_from_below_a,
          serial_shops, shop, nicolae_shop_statue_plus, first_bread
D:5:      serial_shops, shop
D:6:      vehumet_statue, serial_shops, shop, uniq_blork_the_orc, uniq_menkaure
D:8:      led_sif_book, erik_lair_orcish_takeover,
          hangedman_little_slice_of_home
Temple:   circular_temple_12
Lair:1:   lemuel_fruit_tree, serial_bayou_shore_b

Action                   |  1- 3 |  4- 6 |  7- 9 | 10-12 || total
-------------------------+-------+-------+-------+-------++-------
Melee: Unarmed           |    90 |   190 |   309 |    35 ||   624
Invok: Upheaval          |       |       |     1 |     1 ||     2
  Use: Potion            |       |       |    10 |     1 ||    11
 Stab: Sleeping          |     5 |     1 |       |       ||     6
  Eat: Chunk             |     8 |    24 |    29 |     5 ||    66
